 Dungeon Crawl Stone Soup version 0.28.0-53-g5a82cb258f (webtiles) character file.

Game seed: 6398508632139299565

3056 Peloso the Carver (level 9, -7/118 HPs)
             Began as a Minotaur Fighter on May 28, 2022.
             Was an Initiate of Okawaru.
             Mangled by Duvessa
             ... wielding a +0 rapier
              (11 damage)
             ... on level 6 of the Dungeon.
             The game lasted 00:12:06 (7530 turns).

Peloso the Carver (Minotaur Fighter)                Turns: 7530, Time: 00:12:07

Health: -7/118     AC: 12    Str: 23    XL:     9   Next: 57%
Magic:  8/8        EV:  9    Int:  5    God:    Okawaru [......]
Gold:   393        SH: 10    Dex: 12    Spells: 8/8 levels left

rFire   . . .      SeeInvis .   a - +0 long sword
rCold   . . .      Faith    .   c - +0 buckler
rNeg    . . .      Spirit   .   o - +0 chain mail
rPois   +          Reflect  +   k - +1 hat
rElec   .          Harm     .   (no cloak)
rCorr   .          Rampage  .   (no gloves)
Will    +....                   (no boots)
Stlth   ..........              B - amulet of reflection
HPRegen 0.29/turn               n - ring of poison resistance
MPRegen 0.11/turn               i - ring of willpower

@: berserking, very quick
A: horns 2, retaliatory headbutt
a: Renounce Religion


You were on level 6 of the Dungeon.
You worshipped Okawaru.
Okawaru was noncommittal.
You visited 2 branches of the dungeon, and saw 8 of its levels.
You also visited: Sewer.

You collected 403 gold pieces.
You spent 10 gold pieces at shops.

Inventory:

Hand Weapons
 a - a +0 long sword (weapon)
 b - a +0 whip of flaming
Armour
 c - a +0 buckler (worn)
 k - a +1 hat (worn)
 o - a +0 chain mail (worn)
Jewellery
 h - an amulet of the acrobat
 i - a ring of willpower (right hand)
 n - a ring of poison resistance (left hand)
 B - an amulet of reflection (around neck)
Wands
 q - a wand of acid (21)
 v - a wand of digging (6)
 x - a wand of mindburst (16)
 y - a wand of iceblast (10)
Scrolls
 j - 2 scrolls of immolation
 l - 2 scrolls of teleportation {unknown}
 m - a scroll of fog
 p - 2 scrolls of brand weapon {unknown}
 s - 2 scrolls of silence {unknown}
 t - a scroll of amnesia
 u - 2 scrolls of noise {unknown}
 w - a scroll of blinking {unknown}
 A - 2 scrolls of identify
Potions
 d - 2 potions of might
 e - a potion of magic
 g - a potion of flight
 r - 2 potions of heal wounds {unknown}
 z - a potion of resistance {unknown}


   Skills:
 + Level 7.3 Fighting
 + Level 10.2 Long Blades
 + Level 9.8 Armour
 + Level 2.7 Dodging
 + Level 0.4 Stealth
 + Level 6.1 Shields


You had 8 spell levels left.
You didn't know any spells.
Your spell library contained the following spells:

 Spells                   Type           Power      Damage    Failure   Level
 Apportation              Tloc           0%         N/A       98%         1
 Slow                     Hex            0%         N/A       98%         1
 Confusing Touch          Hex            0%         N/A       100%        3
 Portal Projectile        Hex/Tloc       0%         N/A       100%        3
 Hailstorm                Conj/Ice       0%         3d3       100%        4
 Yara's Violent Unravell  Hex/Tmut       0%         3d3       100%        5
 Enfeeble                 Hex            0%         N/A       100%        7
 Animate Skeleton         Necr           Unusable   N/A       N/A         1
 Summon Small Mammal      Summ           Unusable   N/A       N/A         1
 Summon Mana Viper        Hex/Summ       Unusable   N/A       N/A         5

Dungeon Overview and Level Annotations

Branches:
Dungeon (7/15)             Temple (1/1) D:6           Sewer (visited)

Altars:
Ashenzari
Cheibriados
Dithmenos
Fedhas
Hepliaklqana
Kikubaaqudgha
Makhleb
Nemelex Xobeh
Okawaru
Qazlal
Ru
Trog
Vehumet
Wu Jian
Yredelemnul
Zin

Shops:
D:1 !

Annotations:
D:6 Blork the orc, Duvessa


Innate Abilities, Weirdness & Mutations

You have a pair of horns on your head.
You reflexively headbutt those who attack you in melee.


Message History

Duvessa is moderately wounded.
You block Duvessa's attack. Duvessa closely misses you.
You hit Duvessa.
Duvessa is heavily wounded.
Duvessa hits you with a +0 rapier.
You hit Duvessa but do no damage. You headbutt Duvessa, but do no damage.
Duvessa is heavily wounded.
You block Duvessa's attack. Duvessa closely misses you.
You hit Duvessa but do no damage. Your headbutt misses Duvessa.
Duvessa is heavily wounded.
You block Duvessa's attack.
You completely miss Duvessa.
Duvessa is heavily wounded.
Duvessa hits you with a +0 rapier!
You hit Duvessa but do no damage.
Duvessa is moderately wounded.
Duvessa hits you with a +0 rapier! x2
You hit Duvessa. You headbutt Duvessa, but do no damage.
Duvessa is heavily wounded.
Duvessa hits you with a +0 rapier.
You hit Duvessa. You headbutt Duvessa, but do no damage.
Duvessa is heavily wounded.
You block Duvessa's attack.
You hit Duvessa.
Duvessa is heavily wounded.
Duvessa hits you with a +0 rapier!
* * * LOW HITPOINT WARNING * * *
You block Duvessa's attack.
You hit Duvessa.
Duvessa is heavily wounded.
You block Duvessa's attack.
You hit Duvessa but do no damage.
Duvessa is heavily wounded.
Duvessa hits you with a +0 rapier!
* * * LOW HITPOINT WARNING * * *
Duvessa hits you but does no damage.
A red film seems to cover your vision as you go berserk!
You feel yourself moving faster!
You feel mighty! Duvessa hits you with a +0 rapier!
You die...

####### #.....# #.....#
############ ###.....#
#..e.......###### #.......#
##.##@.####.#....#
##.......###...#### #.#....###
...........#.e.# #........##
...>.....###...########........##
##......##.......##..............
#.....##.........##..#.........#
##....##....≈≈≈....####.........#
########...≈≈≈≈≈...##............
# #...≈≈.o.≈≈...#............


You could see Duvessa (berserk).

Vanquished Creatures
  A two-headed ogre (D:7)
  Pikel (D:5)
  Edmund (D:6)
  A water moccasin (Sewer)
  2 black bears
  3 ogres
  A centaur (D:7)
  A kobold brigand (D:7)
  2 scorpions
  A water moccasin zombie (D:6)
  A water moccasin skeleton (D:5)
  Dowan (D:6)
  2 howler monkeys
  5 hounds
  3 orc priests (D:4)
  4 jellies
  A bullfrog zombie (D:6)
  A bullfrog skeleton (D:5)
  A centaur skeleton (D:6)
  3 iguanas
  A scorpion zombie (D:5)
  A hound zombie (D:5)
  A hound skeleton (D:4)
  18 adders
  A gnoll (D:1)
  3 river rats (D:5)
  A shadow imp (D:5)
  A white imp (D:5)
  An ufetubus (D:5)
  5 worms
  A dart slug (D:1)
  6 orcs
  7 endoplasms
  2 giant cockroaches (D:2)
  7 goblins
  8 hobgoblins
  12 jackals
  10 kobolds
  A quokka (D:2)
  6 ball pythons
  7 bats
  3 frilled lizards
  10 rats
149 creatures vanquished.

Notes
Turn   | Place    | Note
-------+----------+-------------------------------------------
     0 | D:1      | Peloso the Minotaur Fighter began the quest for the Orb.
     0 | D:1      | Reached XP level 1. HP: 19/19 MP: 0/0
   108 | D:1      | Found a faded altar of an unknown god.
   287 | D:1      | Reached XP level 2. HP: 27/27 MP: 1/1
   301 | D:1      | Found Taykoe's Distillery.
   334 | D:1      | Bought a potion of degeneration for 10 gold pieces
   813 | D:1      | Reached XP level 3. HP: 29/33 MP: 2/2
   820 | D:1      | Reached skill level 3 in Long Blades
  1399 | D:2      | Reached XP level 4. HP: 15/41 MP: 3/3
  1680 | D:2      | Reached skill level 1 in Dodging
  2386 | D:3      | Found a stormy altar of Qazlal.
  2713 | D:4      | Noticed a black bear
  2730 | D:3      | Killed a black bear
  2731 | D:3      | Reached skill level 4 in Long Blades
  2731 | D:3      | Reached XP level 5. HP: 19/47 MP: 4/4
  3031 | D:3      | Reached skill level 5 in Armour
  3373 | D:4      | Reached XP level 6. HP: 54/55 MP: 5/5
  3685 | D:4      | Reached skill level 5 in Long Blades
  3921 | D:4      | Reached XP level 7. HP: 60/60 MP: 6/6
  4020 | D:4      | Reached skill level 5 in Fighting
  4272 | D:5      | Entered Level 5 of the Dungeon
  4362 | D:5      | Reached skill level 6 in Long Blades
  4705 | D:5      | Reached skill level 5 in Shields
  4724 | D:5      | Found a glowing drain.
  4759 | Sewer    | Entered a sewer
  4953 | Sewer    | Reached skill level 7 in Long Blades
  4953 | Sewer    | Reached XP level 8. HP: 21/69 MP: 7/7
  5210 | Sewer    | Got Sif Muna's Incunabulum of Congealing Malediction
  5581 | D:5      | Noticed Pikel
  5604 | D:5      | Killed Pikel
  5605 | D:5      | Reached skill level 8 in Long Blades
  6253 | D:6      | Noticed Edmund
  6257 | D:6      | Reached XP level 9. HP: 59/78 MP: 8/8
  6271 | D:6      | Killed Edmund
  6289 | D:6      | Identified the +7 flail "Qyrik" {venom, Int+5}
  6464 | D:6      | Found a staircase to the Ecumenical Temple.
  6475 | D:6      | Reached skill level 9 in Long Blades
  6479 | Temple   | Entered the Ecumenical Temple
  6493 | Temple   | Became a worshipper of Warmaster Okawaru
  6709 | D:6      | Noticed Blork the orc
  6821 | D:7      | Noticed a two-headed ogre
  6828 | D:7      | Killed a two-headed ogre
  6829 | D:7      | Reached skill level 10 in Long Blades
  6930 | D:7      | HP: 2/79 [centaur/arrow (2)]
  7342 | D:6      | Noticed Dowan
  7358 | D:6      | Killed Dowan
  7504 | D:6      | Noticed Duvessa
  7529 | D:6      | HP: 2/79 [Duvessa/+0 rapier (16)]
  7530 | D:6      | Mangled by Duvessa

Illustrated notes

Levels and vault maps discovered:
D:1:      elethiomel_arrival_quiet, layout_loops_corners,
          hellmonk_ecumenical_altar_pennies_from_heaven, serial_shops,
          shop_statue, minmay_tall_x
D:2:      layout_loops_ring
D:3:      layout_loops_ring, grunt_qazlal_sundering
D:4:      layout_basic, hangedman_decor_lopped
D:5:      layout_basic, lightli_sewer_entry_pipes, minivault_26,
          chequers_serial_rivers_room_a, uniq_pikel
D:6:      layout_rooms, tgw_sif, temple_fountains, uniq_duvessa, uniq_edmund
D:7:      layout_basic, xom_teletrap_fun, serial_shops, nicolae_shop_stone,
          nicolae_shop_behind_doors, shop, nicolae_shop_statue_plus, shop,
          centaur_isle, uniq_menkaure, uniq_harold
Temple:   lightli_temple_of_artemis

Skill      XL: |  1  2  3  4  5  6  7  8  9 |
---------------+----------------------------+-----
Fighting       | 4 5 6 7 |  7.3
Shields        | 4 5 6 |  6.1
Armour         | 4 5 6 7 8 9 |  9.8
Long Blades    | 3 4 5 7 8 10 | 10.2
Dodging        | 1 2 |  2.7
Stealth        | |  0.4

Action                   |  1- 3 |  4- 6 |  7- 9 || total
-------------------------+-------+-------+-------++-------
Melee: Long sword        |    95 |   131 |   267 ||   493
       Headbutt          |    12 |    20 |    53 ||    85
  Use: Scroll            |       |     5 |     1 ||     6
       Potion            |       |       |     2 ||     2
Armor: Scale mail        |    46 |    64 |       ||   110
       Chain mail        |       |     8 |   117 ||   125
Dodge: Dodged            |    68 |    60 |    95 ||   223
Block: Buckler           |    24 |    44 |    65 ||   133
       Reflection        |       |       |     4 ||     4
